 Dungeon Crawl Stone Soup version 0.13.1-28-g3517093 (webtiles) character file.

274 CrazyArbalest the Bolt Thrower (level 5, 34/38 HPs)
             Began as a Demonspawn Hunter on Mar 8, 2014.
             Quit the game on Level 4 of the Dungeon.
             The game lasted 00:08:12 (2460 turns).

CrazyArbalest the Bolt Thrower (Demonspawn Hunter)  Turns: 2460, Time: 00:08:12

HP  34/38        AC  7     Str 14      XL: 5   Next:  0%
MP   4/4         EV 11     Int 12      God:
Gold 137         SH  0     Dex 13      Spells:  0 memorised,  4 levels left

Res.Fire  : . . .   See Invis. : .   j - +1,+3 dagger (freeze)
Res.Cold  : . . .   Warding    : .   d - +0 leather armour
Life Prot.: + . .   Conserve   : .   (no shield)
Res.Poison: .       Res.Corr.  : .   (no helmet)
Res.Elec. : .       Clarity    : .   (no cloak)
Sust.Abil.: . .     Spirit.Shd : .   (no gloves)
Res.Mut.  : .       Stasis     : .   (no boots)
Res.Rott. : .       Flight     : .   (no amulet)
Saprovore : . . .                    g - cursed ring of hunger
                                     k - ring of positive energy {unknown}

@: slightly resistant to hostile enchantments, unstealthy
A: talons 1, powered by pain 1, AC +4
a: no special abilities


You were on level 4 of the Dungeon.
You were near starving.

You visited 1 branch of the dungeon, and saw 4 of its levels.

You collected 117 gold pieces.

Inventory:

Hand weapons
 a - a +0,+0 short sword
 b - a +1,+1 crossbow
 j - a +1,+3 dagger of freezing (weapon)
 F - a +0,+0 dwarven mace
Missiles
 c - 26 bolts
Armour
 d - a +0 leather armour (worn)
 p - a cursed +0 leather armour
 s - a +2 orcish leather armour
Magical devices
 z - a wand of disintegration (18) {unknown}
Comestibles
 f - 2 bread rations
 h - 2 pears
 i - an apple
 l - a banana
 C - a rotting chunk of quokka flesh
Scrolls
 n - a scroll of enchant armour {unknown}
 o - 3 scrolls of remove curse {unknown}
 u - a scroll of curse weapon {unknown}
 x - a scroll of enchant weapon II {unknown}
 y - a scroll of identify {unknown}
 B - a scroll of teleportation {unknown}
 D - a scroll of recharging {unknown}
 E - a scroll of amnesia {unknown}
Jewellery
 g - a cursed ring of hunger (right hand)
 k - a ring of positive energy (left hand) {unknown}
Potions
 e - 3 potions of curing {unknown}
 m - a potion of restore abilities {unknown}
 q - a potion of cure mutation {unknown}
 r - a potion of resistance {unknown}
 t - a potion of confusion {unknown}
 v - 2 potions of slowing {unknown}
 w - 2 potions of heal wounds {unknown}
 A - a potion of speed {unknown}
 G - a potion of might {unknown}


   Skills:
 + Level 1.2 Fighting
 + Level 5.0 Crossbows
 + Level 1.0 Armour
 + Level 2.6 Dodging
 + Level 1.1 Stealth


You had 4 spell levels left.
You didn't know any spells.

Dungeon Overview and Level Annotations

Branches:
Dungeon (4/27)
 Temple: D:4-7

Altars:


Innate Abilities, Weirdness & Mutations

You have sharp toenails.
You are partially covered in iridescent scales (AC +4).
You sometimes gain a little power by taking damage.


Message History

You hit the iguana. You freeze the iguana. Your kick misses the iguana.
The iguana is moderately wounded.
The iguana bites you.
You barely miss the iguana. Your kick misses the iguana.
The iguana is moderately wounded.
The iguana closely misses you.
You barely miss the iguana.
The iguana is moderately wounded.
The iguana barely misses you.
You hit the iguana. You freeze the iguana. Your kick misses the iguana.
The iguana is severely wounded.
The iguana barely misses you.
You hit the iguana. You freeze the iguana.
The iguana is almost dead.
The iguana barely misses you.
You hit the iguana. You freeze the iguana.
You kill the iguana!
Your Armour skill increases to level 1!
You have reached level 5!
Are you sure you want to abandon this character and quit the game? (Confirm with "yes".)

##### ############...#
...........#...#
##...##....#...##
........^@......##########
.......%......<..........
.######..##.#############
#....... ...........
..#.....###... ......... .
........# .###.#


There were no monsters in sight!

Vanquished Creatures
  An iguana (D:4)
  A giant mite (D:3)
  3 adders (D:2)
  2 worms (D:1)
  A giant gecko (D:3)
  4 oozes (D:1)
  8 goblins
  7 hobgoblins
  A quokka (D:3)
  6 bats
  4 giant cockroaches (D:1)
  8 giant newts
  12 jackals (D:1)
  7 kobolds
  7 rats
72 creatures vanquished.

Notes
Turn   | Place    | Note
--------------------------------------------------------------
     0 | D:1      | CrazyArbalest, the Demonspawn Hunter, began the quest for the Orb.
     0 | D:1      | Reached XP level 1. HP: 16/16 MP: 0/0
   154 | D:1      | Reached skill level 4 in Crossbows
   159 | D:1      | Gained mutation: You are partially covered in iridescent scales (AC +4). [demonic ancestry]
   159 | D:1      | Reached XP level 2. HP: 15/22 MP: 1/1
   348 | D:1      | Gained mutation: You have sharp toenails. [demonic ancestry]
   348 | D:1      | Reached XP level 3. HP: 18/27 MP: 2/2
  1166 | D:2      | Gained mutation: You sometimes gain a little power by taking damage. [demonic ancestry]
  1166 | D:2      | Reached XP level 4. HP: 28/33 MP: 3/3
  1820 | D:3      | Reached skill level 1 in Stealth
  2174 | D:3      | Reached skill level 5 in Crossbows
  2459 | D:4      | Reached skill level 1 in Armour
  2459 | D:4      | Reached XP level 5. HP: 34/38 MP: 4/4
  2460 | D:4      | Quit the game

Action                   |  1- 3 |  4- 6 || total
-------------------------+-------+-------++-------
Melee: Short sword       |    90 |       ||    90
       Dagger            |     3 |    63 ||    66
 Fire: Crossbow          |    61 |       ||    61
  Use: Scroll            |       |     1 ||     1
 Stab: Sleeping          |       |     2 ||     2
